 Dungeon Crawl Stone Soup version 0.31.0-9-g3a7656b989 (console) character file.

Game seed: 755190387404700738

3183424 AlterAsc the Axe Maniac (level 27, 235/235 (249) HPs)
             Began as a Formicid Fighter on Jan 31, 2024.
             Was the Champion of Okawaru.
             Escaped with the Orb
             ... and 5 runes
             ... and 1 gem on Feb 1, 2024!
             The game lasted 03:56:01 (71837 turns).

AlterAsc the Axe Maniac (Formicid Fighter)         Turns: 71837, Time: 03:56:02

HP:   235/235 (249) AC: 47    Str: 38    XL:     27
MP:   31/31         EV: 20    Int: 15    God:    Okawaru [******]
Gold: 7551          SH: 27    Dex:  6    Spells: 26/26 levels left

rFire   + + +        Q - +8 broad axe {speed, ^Drain Fly rCorr Int+3}
rCold   + . .        V - +0 tower shield
rNeg    . . .        s - +9 gold dragon scales
rPois   +            (helmet unavailable)
rElec   .            W - +3 cloak of Knowledge {+Inv}
rCorr   +            N - +2 pair of gloves {Stlth+}
SInv    +            J - +2 pair of boots
Will    +++++        h - amulet of reflection Stlth
                     Z - ring of the Hare {EV+10}
HPRegen 0.59/turn    R - ring "Haongyann" {^Drain rF+++ Will+++ Int+6 Dex-4}
MPRegen 0.22/turn

%: reflection
@: flying, studying 2 skills, drained
A: permanent stasis, dig shafts and tunnels, antennae 3, four strong arms, claws
1, clumsy 1, dopey 1, strong 1, heat vulnerability 1, subdued magic 2
0: Orb of Zot
}: 5/15 runes: serpentine, barnacled, slimy, silver, abyssal
a: Dig, Shaft Self, Renounce Religion, Evoke Invisibility, Heroism, Finesse,
Duel


You escaped.
You worshipped Okawaru.
Okawaru was exalted by your worship.
You visited 10 branches of the dungeon, and saw 52 of its levels.
You visited the Abyss 2 times.
You also visited: Sewer and Bailey.

You collected 8722 gold pieces.
You spent 1171 gold pieces at shops.

Inventory:

Hand Weapons
 m - a +3 broad axe of flaming
 y - the +8 frozen axe "Frostbite" {freeze, freezing cloud, *Noise Fly rC+}
   (You acquired it on level 3 of the Depths)

   rC+:       It protects you from cold.
   Fly:       It grants you flight.
   *Noise:    It may make a loud noise when swung.
 Q - the +8 broad axe of the Sky (weapon) {speed, ^Drain Fly rCorr Int+3}
   (Okawaru gifted it to you on level 1 of the Lair of Beasts)

   Int+3:     It affects your intelligence (+3).
   Fly:       It grants you flight.
   rCorr:     It protects you from acid and corrosion.
   ^Drain:    It drains your maximum health when unequipped.
Missiles
 k - 105 poisoned darts (quivered)
 E - 5 throwing nets
Armour
 a - a +1 cloak of preservation
 s - +9 gold dragon scales (worn)
 J - a +2 pair of boots (worn)
 K - a +1 kite shield of cold resistance
 N - a +2 pair of gloves of stealth (worn)
 V - a +0 tower shield (worn)
 W - the +3 cloak of Knowledge (worn) {+Inv}
   (Okawaru gifted it to you on level 1 of the Lair of Beasts)

   +Inv:      It lets you turn invisible.
Jewellery
 h - an amulet of reflection (around neck)
 j - a ring of positive energy
 L - the ring "Qavvim" {rElec rCorr Slay+4}
   (You took it off a deep elf demonologist on level 3 of the Elven Halls)

   [ring of slaying]

   Slay+4:    It affects your accuracy & damage with ranged weapons and melee
   (+4).
   rElec:     It insulates you from electricity.
   rCorr:     It protects you from acid and corrosion.
 R - the ring "Haongyann" (right hand) {^Drain rF+++ Will+++ Int+6 Dex-4}
   (You found it on level 4 of the Depths)

   [ring of intelligence]

   Int+6:     It affects your intelligence (+6).
   Dex-4:     It affects your dexterity (-4).
   rF+++:     It renders you almost immune to fire.
   Will+++:   It greatly increases your willpower.
   ^Drain:    It drains your maximum health when unequipped.
 Y - the ring "Zumesof" {Fly rElec Will+++ AC+4 Dex-2}
   (You found it on level 5 of the Pits of Slime)

   [ring of protection]

   AC+4:      It affects your AC (+4).
   Dex-2:     It affects your dexterity (-2).
   rElec:     It insulates you from electricity.
   Will+++:   It greatly increases your willpower.
   Fly:       It grants you flight.
 Z - the ring of the Hare (left hand) {EV+10}
   (You found it on level 5 of the Pits of Slime)

   [ring of evasion]

   EV+10:     It affects your evasion (+10).
Wands
 b - a wand of iceblast (58)
 p - a wand of digging (2)
 C - a wand of flame (95)
 G - a wand of quicksilver (32)
 I - a wand of mindburst (53)
 M - a wand of paralysis (57)
 X - a wand of polymorph (40)
Scrolls
 e - 9 scrolls of noise
 f - 5 scrolls of brand weapon
 l - 14 scrolls of poison
 n - 3 scrolls of silence
 o - 9 scrolls of revelation
 q - 8 scrolls of vulnerability
 t - 5 scrolls of fog
 x - 10 scrolls of enchant weapon
 B - 5 scrolls of torment
 D - 8 scrolls of fear
 O - 10 scrolls of amnesia
 U - 11 scrolls of immolation
Potions
 c - a potion of cancellation
 d - 5 potions of might
 g - 11 potions of lignification
 i - a potion of berserk rage
 r - a potion of resistance
 u - 2 potions of degeneration
 v - 8 potions of brilliance
 w - 7 potions of magic
 z - 9 potions of attraction
 A - a potion of heal wounds
 F - 3 potions of ambrosia
 H - a potion of invisibility
 P - 5 potions of curing
 T - 3 potions of enlightenment
Miscellaneous
 S - a phial of floods


   Skills:
 O Level 27 Fighting
 O Level 27 Axes
 + Level 24.4 Armour
 - Level 12.2 Dodging
 - Level 8.0 Stealth
 + Level 25.3 Shields
 - Level 11.0 Invocations
 - Level 5.0 Evocations


You had 26 spell levels left.
You didn't know any spells.
Your spell library contained the following spells:

 Spells                   Type           Power      Damage    Failure   Level
 Apportation              Tloc           0%         N/A       73%         1
 Foxfire                  Conj/Fire      0%         2x1d4     73%         1
 Freeze                   Ice            0%         1d3       73%         1
 Kiss of Death            Conj/Necr      0%         2d5       73%         1
 Magic Dart               Conj           0%         1d3       73%         1
 Necrotise                Necr           0%         1d4       73%         1
 Shock                    Conj/Air       0%         1d3       73%         1
 Slow                     Hex            0%         N/A       73%         1
 Sting                    Conj/Alch      0%         1d3       73%         1
 Ensorcelled Hibernation  Hex/Ice        0%         N/A       86%         2
 Jinxbite                 Hex            0%         N/A       86%         2
 Mercury Vapours          Alch/Air       0%         N/A       86%         2
 Searing Ray              Conj           0%         2d4       86%         2
 Confusing Touch          Hex            0%         N/A       98%         3
 Dazzling Flash           Conj/Hex       0%         N/A       98%         3
 Frozen Ramparts          Ice            0%         1d1       98%         3
 Fugue of the Fallen      Necr           0%         N/A       98%         3
 Hailstorm                Conj/Ice       0%         3d5       98%         3
 Inner Flame              Hex/Fire       0%         N/A       98%         3
 Mephitic Cloud           Conj/Alch/Air  0%         N/A       98%         3
 Ozocubu's Armour         Ice            0%         N/A       98%         3
 Passwall                 Erth           0%         N/A       98%         3
 Sigil of Binding         Hex            0%         N/A       98%         3
 Vampiric Draining        Necr           0%         2d6       98%         3
 Airstrike                Air            0%         2d(0-16)  100%        4
 Anguish                  Hex/Necr       0%         N/A       100%        4
 Cause Fear               Hex            0%         N/A       100%        4
 Dimensional Bullseye     Hex/Tloc       0%         N/A       100%        4
 Dispel Undead            Necr           0%         3d6       100%        4
 Fulminant Prism          Conj/Alch      0%         3d5       100%        4
 Leda's Liquefaction      Alch/Erth      0%         N/A       100%        4
 Manifold Assault         Tloc           0%         N/A       100%        4
 Olgreb's Toxic Radiance  Alch           0%         N/A       100%        4
 Petrify                  Alch/Erth      0%         N/A       100%        4
 Alistair's Intoxication  Alch           0%         N/A       100%        5
 Arcjolt                  Conj/Air       0%         1d10      100%        5
 Curse of Agony           Necr           0%         N/A       100%        5
 Fireball                 Conj/Fire      0%         3d3       100%        5
 Lee's Rapid Deconstruct  Erth           0%         3d4*      100%        5
 Metabolic Englaciation   Hex/Ice        0%         N/A       100%        5
 Silence                  Hex/Air        0%         N/A       100%        5
 Bombard                  Conj/Erth      0%         9d1       100%        6
 Conjure Ball Lightning   Conj/Air       0%         3x3d6     100%        6
 Plasma Beam              Fire/Air       0%         2x1d10    100%        6
 Starburst                Conj/Fire      0%         6d3       100%        6
 Ozocubu's Refrigeration  Ice            0%         4d7       100%        7
 Chain Lightning          Conj/Air       0%         N/A       100%        9
 Polar Vortex             Ice            0%         N/A       100%        9
 Summon Small Mammal      Summ           Unusable   N/A       N/A         1
 Call Imp                 Summ           Unusable   N/A       N/A         2
 Call Canine Familiar     Summ           Unusable   N/A       N/A         3
 Swiftness                Air            Unusable   N/A       N/A         3
 Tukima's Dance           Hex            Unusable   N/A       N/A         3
 Animate Armour           Summ/Erth      Unusable   N/A       N/A         4
 Martyr's Knell           Necr/Summ      Unusable   N/A       N/A         4
 Vhi's Electric Charge    Tloc/Air       Unusable   N/A       N/A         4
 Death Channel            Necr           Unusable   N/A       N/A         6
 Sculpt Simulacrum        Ice/Alch       Unusable   N/A       N/A         6
 Haunt                    Necr/Summ      Unusable   N/A       N/A         7
 Summon Hydra             Summ           Unusable   N/A       N/A         7
 Dragon's Call            Summ           Unusable   N/A       N/A         9

Dungeon Overview and Level Annotations

Branches:
Dungeon (15/15)            Temple (0/1) D:4            Lair (5/5) D:10
 Shoals (4/4) Lair:3        Snake (4/4) Lair:2        Slime (5/5) Lair:4
    Orc (2/2) D:12            Elf (3/3) Orc:2        Vaults (5/5) D:14
  Crypt (0/3) Vaults:3     Depths (4/4) D:15            Zot (5/5) Depths:4
  Sewer (visited)          Bailey (visited)

Altars:
Ashenzari
Elyvilon
Fedhas
Kikubaaqudgha
Makhleb
Okawaru
Qazlal
Sif Muna
Trog
Uskayaw
Xom
Yredelemnul
Zin
The Shining One
Jiyva

Shops:
D:11 *   D:13 [   Orc:2 :[=([   Elf:2 *??[   Elf:3 [   Shoals:3 (   Snake:3 :
Vaults:1 :   Vaults:2 (   Vaults:3 *=   Vaults:4 [   Depths:3 [

Portals:
Hell: Depths:1 Depths:2 Depths:3 Depths:4
Abyss: Depths:1 Depths:2 Depths:3
Pandemonium: Depths:2
Ziggurat: Depths:2

Annotations:
D:4 1 runed translucent door, Crazy Yiuf
D:14 2 transporters, Onucvo's ghost, journeyman FoFi
Elf:1 exclusion: door
Depths:4 2 transporters


Innate Abilities, Weirdness & Mutations

You cannot be hasted, slowed, berserked, paralysed or teleported.
You can dig through walls and to a lower floor.
You have a pair of large antennae on your head. (SInv)
Your four strong arms can wield two-handed weapons with a shield.
You have sharp fingernails.
You are clumsy. (Dex -2)
You are dopey. (Int -2)
Your muscles are strong. (Str +4, Int/Dex -1)
You are vulnerable to heat. (rF-)
Your spells are easier to cast, but less powerful.


Message History

The hellwing moves out of view.
The rust devil moves out of view.
The hellwing gives a chilling moan.
Zaissaaxt blinks!
There is a stone staircase leading up here.
You fly upwards.
There is a stone staircase leading down, spattered with blood here.
Things that are here:
a +0 robe; a +0 spear
(D) Dungeon (T) Temple (L) Lair (A) Shoals (P) Snake Pit (M) Slime Pits (O) Orcish Mines (E) Elven Halls (V) Vaults (C) Crypt (U) Depths (H) Hell (Z) Zot
Where to? (Tab/Enter - D:1, ? - help)
Things that are here:
a +0 robe; a +0 short sword You see here 2 scrolls of teleportation.
There is a stone staircase leading up here.
You fly upwards.
There is a stone staircase leading down here.
There is a fountain of clear blue water here.
There is a stone staircase leading up, spattered with blood here.
You fly upwards.
Level annotation: 1 runed translucent door, Crazy Yiuf
There is a stone staircase leading down here.
There is a stone staircase leading up here.
You fly upwards.
There is a stone staircase leading down here.
There is a stone staircase leading up here.
You fly upwards.
There is a stone staircase leading down here.
There is a stone staircase leading up here.
You fly upwards.
There is a stone staircase leading down here.
(D) Dungeon (T) Temple (L) Lair (A) Shoals (P) Snake Pit (M) Slime Pits (O) Orcish Mines (E) Elven Halls (V) Vaults (C) Crypt (U) Depths (H) Hell (Z) Zot
Where to? (Tab/Enter - D:1, ? - help) You're already here!
A shadow demon comes into view.
There is a staircase leading out of the dungeon here.
You have escaped!

#.#.## #.#)# #.##.# ##.#.# ###
#....###.###############.#.#
#..
###......#.#.#.#.#.#.#.#...#
#.#
#....####...............####
#.# #.#.## #..........#......#
#.# ..#.# ##.......#.......##
#.# ###.#
#......#..2.#.....######.#
#.#####...#...........##......#
#....#..#...#.#.#.#....########
#######...............## #####
#...#..#.@.#..#...# ....#
##...............## ##..#
#....#.#.#.#...#..# #..#
##...........#...## #..#
#.....#....#......#
#..#####.......#.......##
##..##.#......#..........#
.......##...............####
#).......#.#.#.#.#.#.#.#...#
#...##.#.###############.#.#
#..........##....# #.##..#.#


You could see a shadow demon.

Vanquished Creatures
  the Royal Jelly (Arena)
  A pandemonium lord (Zot:2)
  4 dread liches
  4 orbs of fire
  2 ancient liches
  Mara (Shoals:4)
  Mennas (Vaults:4)
  2 juggernauts (Depths:3)
  Boris (5 times) (Vaults:3 Depths:2 Depths:3 Vaults:5 Depths:4)
  Saint Roka (Orc:2)
  7 Killer Klowns
  Sojobo (Depths:3)
  A curse toe (Zot:3)
  2 caustic shrikes
  11 golden dragons
  Nikola (Snake:4)
  the Enchantress (Depths:3)
  A bone dragon (Abyss:3)
  4 electric golems
  Zenata (Vaults:3)
  Mlioglotl (Snake:1)
  A Hell Sentinel (Zot:2)
  16 tentacled monstrosities
  2 deep elf blademasters (Elf:3)
  6 liches
  A walking frostbound tome (Depths:3)
  29 Orb Guardians
  6 titans
  2 deep elf master archers (Elf:3)
  6 quicksilver dragons
  A walking divine tome (Depths:3)
  12 acid blobs
  2 Executioners
  9 sphinxes
  Frances (D:12)
  2 krakens
  An ancient champion (Depths:4)
  The ghost of AlterAsc the Black Belt, an adept OpSh of Gozag (Vaults:1)
  Gastronok (Lair:3)
  9 death cobs
  9 storm dragons
  Kirke (Lair:4)
  10 shadow dragons
  Ilsuiw (Shoals:3)
  A tentacled starspawn (Abyss:3)
  2 draconian monks (Zot:2)
  Donald (Elf:3)
  7 protean progenitors
  Roxanne (Snake:3)
  13 tengu reavers
  9 azure jellies
  The ghost of Kauttur the Severer, a journeyman MiFi of Zin (Elf:3)
  Aizul (Snake:2)
  12 fire giants
  14 rockslimes
  6 draconian shifters
  6 nagarajas
  A revenant (Vaults:1)
  3 iron dragons
  9 frost giants
  5 draconian knights
  3 deep elf sorcerers
  4 draconian scorchers
  23 vault wardens
  5 ghost moths
  Louise (Snake:2)
  2 deep elf elementalists
  2 reapers (Depths:3)
  13 quicksilver oozes
  A draconian stormcaller (Zot:1)
  16 very ugly things
  18 ironbound preservers
  8 ironbound thunderhulks
  6 draconian annihilators
  3 formless jellyfish
  6 spriggan defenders
  8 stone giants
  4 black draconians
  10 deep elf demonologists
  4 vampire knights (Depths:4)
  Nessos (D:12)
  11 green draconians
  A dire elephant (Vaults:2)
  2 purple draconians
  6 deep elf annihilators
  9 white draconians
  15 spark wasps
  5 war gargoyles
  8 deep elf death magi (Elf:3)
  Azrael (Orc:2)
  The ghost of Deed the Peltast, a journeyman MiFi of Wu Jian (Lair:3)
  4 red draconians
  5 yellow draconians
  3 minotaurs (Shoals:4)
  4 merfolk javelineers
  3 crystal guardians
  2 blizzard demons (Abyss:3)
  12 ettins
  3 eidola
  9 fire dragons
  5 deep elf high priests
  A quicksilver dragon zombie (Depths:1)
  Josephine (D:12)
  Fannar (D:12)
  5 merfolk impalers
  39 vault guards
  2 hydras
  An entropy weaver (Vaults:4)
  14 great orbs of eyes
  A rakshasa (Depths:3)
  5 spriggan air magi
  15 yaktaur captains
  3 ice dragons (Depths:2)
  4 catoblepae
  An ogre mage (Vaults:5)
  3 peacekeepers
  4 boulder beetles
  An alligator (Zot:5)
  13 centaur warriors
  5 ironbound frosthearts
  A salamander tyrant (Snake:4)
  2 merfolk avatars
  2 jorogumos (Zot:5)
  A two-headed ogre (shapeshifter) (Depths:3)
  2 alligator snapping turtles (Shoals:4)
  13 anacondas
  3 death knights
  2 radroaches (Zot:5)
  A merfolk aquamancer (Shoals:4)
  5 death yaks (Lair:5)
  The ghost of Peloso the Carver, a novice MiFi of Okawaru (D:9)
  The ghost of Kass the Fighter, a novice OnBe of Trog (D:8)
  5 two-headed ogres
  33 dancing weapons
  10 satyrs
  A vampire mage (Depths:1)
  11 deep troll shamans
  4 spriggan berserkers
  12 deep troll earth magi
  12 naga warriors
  3 occultists
  4 tengu warriors
  6 shock serpents
  13 deep elf knights
  9 hell knights
  15 naga sharpshooters
  8 skysharks
  A wretched star (Abyss:3)
  Nergalle (D:12)
  A sixfirhy (Depths:2)
  15 iron trolls
  5 skeletal warriors
  10 spriggans
  51 deep trolls
  A shadow wraith (Vaults:1)
  A deep troll (shapeshifter) (Vaults:5)
  The ghost of Henri the Martial Artist, a novice OpSh of Dithmenos (D:8)
  A cherub (Depths:2)
  11 sea snakes
  18 mana vipers
  2 flayed ghosts
  A sun moth (shapeshifter) (Vaults:5)
  2 salamander mystics
  22 ironbound convokers
  Lodul (D:14)
  10 deep elf archers
  4 glowing orange brains
  7 necromancers
  4 arcanists
  6 naga ritualists
  Pikel (D:5)
  An iron dragon zombie (Depths:1)
  6 phantasmal warriors
  11 lindwurms
  38 harpies
  A shadow dragon zombie (Depths:1)
  5 orc knights
  7 large abominations
  27 deep elf pyromancers
  4 shining eyes
  18 deep elf zephyrmancers
  3 orc sorcerers
  A stone giant zombie (Depths:1)
  18 salamanders
  2 wolf spiders (Zot:3)
  11 cyclopes
  23 manticores
  A meliai (shapeshifter) (Elf:3)
  22 ugly things
  13 fauns
  A cyclops (shapeshifter) (Vaults:5)
  21 moths of wrath
  17 vault sentinels
  Maurice (D:10)
  3 meliai (D:13)
  6 elephants
  2 smoke demons (Abyss:3)
  30 black mambas
  7 merfolk sirens
  Joseph (D:9)
  15 naga magi
  6 guardian serpents
  2 kobold blastminers (Orc:2)
  2 stone giant skeletons
  An ice statue (Shoals:1)
  4 water nymphs
  An eye of devastation (Slime:2)
  Maggie (D:9)
  8 cane toads
  A torpor snail (Lair:4)
  6 gargoyles
  Jeremiah (D:9)
  2 unseen horrors (D:10)
  14 komodo dragons
  A kobold demonologist (D:8)
  A hellion (Abyss:3)
  2 rime drakes
  2 efreet
  4 tengu conjurers
  29 yaktaurs
  4 freezing wraiths
  A tormentor (Zot:5)
  25 merfolk
  A polar bear (Lair:4)
  11 trolls
  3 wind drakes
  9 raiju (Abyss:3)
  8 hornets
  5 glass eyes
  23 blink frogs
  10 snapping turtles
  A black mamba (shapeshifter) (Depths:3)
  2 dream sheep (Shoals:3)
  Sigmund (D:4)
  4 air elementals
  76 slime creatures
  Eustachio (D:5)
  2 shadows (D:12)
  7 water elementals
  8 wraiths
  4 humans (Lair:5)
  6 fire elementals
  63 yaks
  5 wyverns
  6 basilisks
  3 hogs
  A redback (shapeshifter) (Depths:4)
  8 wargs
  4 steam dragons
  A golden eye (Slime:5)
  23 vampire mosquitoes
  3 neqoxecs (Abyss:3)
  2 chaos spawn (Abyss:3)
  An acid dragon (D:13)
  37 nagas
  8 hell hounds
  11 water moccasins
  9 laughing skulls
  3 sky beasts
  29 orc warriors
  A black bear (D:5)
  11 ogres
  16 wolves
  3 boggarts (Vaults:2)
  8 centaurs
  A phantom (D:12)
  A lemure (D:5)
  11 kobold brigands
  2 brain worms (Abyss:3)
  14 bullfrogs
  3 gnoll sergeants
  4 earth elementals
  2 small abominations
  3 scorpions
  3 troll zombies (D:12)
  12 wights
  4 killer bees
  2 electric eels
  4 howler monkeys
  A crimson imp (D:6)
  A quasit (Abyss:3)
  2 bombardier beetles
  A jelly (D:7)
  20 orc priests
  5 gnoll boudas
  6 iguanas
  Natasha (thrice) (D:3)
  21 orc wizards
  5 hell rats (Lair:1)
  3 ogre zombies (D:12)
  Robin (D:2)
  12 adders
  29 gnolls
  10 river rats (Sewer)
  2 shadow imps (D:8)
  2 white imps
  4 ufetubi
  4 dart slugs
  3 ribbon worms (D:2)
  76 orcs
  9 endoplasms
  6 giant cockroaches
  2 gnoll zombies (D:12)
  7 hobgoblins
  4 jackals
  66 kobolds
  7 quokkas
  14 ball pythons
  7 bats
  8 frilled lizards
  3 gnoll skeletons (D:12)
  18 goblins
  10 kobold skeletons (D:8)
  8 kobold zombies (D:8)
  2 orc skeletons (D:12)
  12 orc zombies (D:12)
  31 rats
  2 aspiring fleshes
  2 spectral weapons (Zot:5)
  3 tentacles
2367 creatures vanquished.

Vanquished Creatures (others)
  A walking frostbound tome (Depths:4)
  An eldritch tentacle (Zot:5)
  A lorocyproca (Elf:3)
  2 vault guards
  A deep troll (Vaults:3)
  3 deep elf archers (Elf:3)
  2 deep elf pyromancers (Elf:3)
  A vampire mosquito (D:14)
  A naga (Snake:4)
  A boggart (D:14)
  An orc (D:12)
  A goblin (Bailey)
  2 starspawn tentacles (Abyss:3)
  7 tentacles
25 creatures vanquished.

Grand Total: 2392 creatures vanquished

Notes
Turn   | Place    | Note
-------+----------+-------------------------------------------
     0 | D:1      | AlterAsc the Formicid Fighter began the quest for the Orb.
     0 | D:1      | Reached XP level 1. HP: 18/18 MP: 1/1
   100 | D:1      | Reached XP level 2. HP: 18/24 MP: 2/2
   346 | D:1      | Reached XP level 3. HP: 28/29 MP: 3/3
   746 | D:2      | Noticed Robin
   869 | D:2      | Reached XP level 4. HP: 35/35 MP: 4/4
   971 | D:2      | Found a faded altar of an unknown god.
   971 | D:2      | Noticed a shining eye
   979 | D:2      | Noticed an eye of devastation
   979 | D:2      | Noticed a golden eye
   979 | D:2      | Noticed a glass eye
  1255 | D:2      | Reached XP level 5. HP: 27/41 MP: 5/5
  1267 | D:2      | Killed Robin
  1270 | D:2      | Reached skill level 5 in Axes
  1768 | D:3      | Found an iron altar of Okawaru.
  1779 | D:3      | Became a worshipper of Warmaster Okawaru
  2007 | D:3      | Reached skill level 1 in Invocations
  2010 | D:3      | Found a glowing drain.
  2021 | Sewer    | Entered a sewer
  2188 | Sewer    | Reached XP level 6. HP: 44/47 MP: 7/7
  2488 | Sewer    | Reached XP level 7. HP: 52/52 MP: 9/9
  2579 | Sewer    | Reached * piety under Okawaru
  2959 | D:3      | Noticed Natasha
  2966 | D:3      | Killed Natasha
  3246 | D:3      | Found a glowing silver altar of Zin.
  3351 | D:3      | Noticed Natasha
  3360 | D:3      | Killed Natasha
  3470 | D:3      | Noticed Natasha
  3481 | D:3      | Killed Natasha
  3639 | D:4      | Reached XP level 8. HP: 55/58 MP: 10/10
  3712 | D:4      | Identified the +0 robe of Negation {rPois rF++ Will+ Str-3}
  3728 | D:4      | Noticed a +0 dagger
  3728 | D:4      | Noticed a +0 falchion
  3729 | D:4      | Noticed a +0 spear
  3730 | D:4      | Noticed a +0 dagger
  3732 | D:4      | Noticed a +0 spear
  3732 | D:4      | Noticed a +0 falchion
  3733 | D:4      | Found a hide-covered altar of Uskayaw.
  3733 | D:4      | Noticed a +0 short sword
  3733 | D:4      | Noticed a +0 short sword
  3789 | D:4      | Noticed Sigmund
  3800 | D:4      | Killed Sigmund
  3800 | D:4      | Reached ** piety under Okawaru
  4176 | D:4      | Found a runed translucent door.
  4177 | D:4      | Noticed Crazy Yiuf
  4273 | D:4      | Found a staircase to the Ecumenical Temple.
  4402 | D:5      | Entered Level 5 of the Dungeon
  4515 | D:5      | Noticed Eustachio
  4536 | D:5      | Killed Eustachio
  4656 | D:5      | Reached skill level 10 in Axes
  4714 | D:5      | Reached XP level 9. HP: 28/64 MP: 11/11
  4958 | D:5      | Found a glowing golden altar of the Shining One.
  4994 | D:5      | Noticed Pikel
  4995 | D:5      | Found a stormy altar of Qazlal.
  5019 | D:5      | Killed Pikel
  5019 | D:5      | Reached *** piety under Okawaru
  5248 | D:5      | Found a bloodstained altar of Trog.
  5421 | D:6      | Found a basalt altar of Yredelemnul.
  5452 | D:6      | Found a blossoming altar of Fedhas.
  6181 | D:6      | Reached **** piety under Okawaru
  6349 | D:6      | Found a shimmering altar of Xom.
  6349 | D:6      | Found a burning altar of Makhleb.
  6551 | D:7      | Identified the +0 dagger of Thoughtfulness {heavy, Dex+2
                  | Stlth+}
  6567 | D:7      | Reached XP level 10. HP: 67/70 MP: 12/12
  6768 | D:7      | Noticed a deep elf pyromancer
  6771 | D:7      | Noticed a cyclops
  7044 | D:7      | Killed a deep elf pyromancer
  7154 | D:7      | Found a flagged portal.
  7196 | Bailey   | Entered a bailey
  7378 | Bailey   | Noticed an orc knight
  7424 | D:7      | Killed an orc knight
  7610 | D:7      | Noticed a gargoyle
  7639 | D:7      | Killed a gargoyle
  7860 | D:7      | Killed a cyclops
  7861 | D:7      | Reached skill level 15 in Axes
  7861 | D:7      | Reached XP level 11. HP: 44/75 MP: 7/13
  7924 | D:7      | Identified the amulet "Feik" {RegenMP Int-5 Dex+8}
  8317 | D:7      | Reached ***** piety under Okawaru
  9072 | D:8      | Found a runed translucent gate.
  9072 | D:8      | Found a runed translucent gate.
  9073 | D:8      | Found a runed translucent gate.
  9097 | D:8      | Noticed Henri's ghost (novice OpSh)
  9097 | D:8      | Noticed Kass's ghost (novice OnBe)
  9406 | D:8      | Reached skill level 5 in Shields
  9553 | D:8      | Received a gift from Okawaru
  9695 | D:8      | Found an ancient bone altar of Kikubaaqudgha.
  9875 | D:8      | Reached skill level 5 in Fighting
  9875 | D:8      | Reached skill level 5 in Invocations
 10123 | D:9      | Noticed Joseph
 10142 | D:9      | Killed Joseph
 10471 | D:9      | Noticed Jeremiah
 10482 | D:9      | Killed Jeremiah
 10670 | D:9      | Found a shimmering blue altar of Sif Muna.
 10737 | D:9      | Noticed Maggie
 10766 | D:9      | Killed Maggie
 10964 | D:9      | Found a runed translucent door.
 10965 | D:9      | Noticed Peloso's ghost (novice MiFi)
 11343 | D:10     | Entered Level 10 of the Dungeon
 11382 | D:10     | Reached XP level 12. HP: 76/86 MP: 12/15
 11572 | D:10     | Identified the ring "Emizalo" {rPois Dex+6}
 11603 | D:10     | Noticed Maurice
 11620 | D:10     | Maurice stole a phial of floods
 11623 | D:10     | Killed Maurice
 12075 | D:10     | Found a staircase to the Lair.
 12305 | D:10     | Found a broken altar of Ashenzari.
 12582 | Lair:1   | Entered Level 1 of the Lair of Beasts
 12596 | Lair:1   | Received a gift from Okawaru
 13685 | Lair:1   | Reached ****** piety under Okawaru
 13707 | Lair:1   | Acquired the +3 cloak of Knowledge {+Inv}
 13707 | Lair:1   | Received a gift from Okawaru
 13708 | Lair:1   | Acquired the +8 broad axe of the Sky {speed, ^Drain Fly
                  | rCorr Int+3}
 13708 | Lair:1   | Received a gift from Okawaru
 13729 | Lair:1   | Received a gift from Okawaru
 13929 | Lair:1   | Reached XP level 13. HP: 91/91 MP: 18/18
 14628 | Lair:2   | Reached skill level 1 in Evocations
 14686 | Lair:2   | Found a staircase to the Snake Pit.
 14808 | Lair:2   | Received a gift from Okawaru
 15471 | Lair:3   | Found a staircase to the Shoals.
 15762 | Lair:3   | Noticed Gastronok
 15775 | Lair:3   | Killed Gastronok
 16194 | Lair:3   | Reached skill level 5 in Armour
 16451 | Lair:3   | Found a runed translucent door.
 16452 | Lair:3   | Noticed Deed's ghost (journeyman MiFi)
 16502 | Lair:3   | Killed Deed's ghost
 16945 | D:9      | Killed Peloso's ghost
 17038 | D:8      | Killed Henri's ghost
 17038 | D:8      | Killed Kass's ghost
 17093 | D:11     | Found Qolitibe's General Store.
 17096 | D:11     | Bought a scroll of identify for 30 gold pieces
 17228 | D:11     | Received a gift from Okawaru
 17291 | D:11     | Reached XP level 14. HP: 103/103 MP: 19/19
 17442 | D:11     | Reached skill level 10 in Shields
 17855 | D:11     | Reached skill level 5 in Evocations
 18593 | D:12     | Found a staircase to the Orcish Mines.
 18618 | D:12     | Received a gift from Okawaru
 18679 | D:12     | Noticed Nessos
 18698 | D:12     | Killed Nessos
 18917 | D:12     | Noticed Fannar
 18927 | D:12     | Killed Fannar
 19109 | D:12     | Noticed Josephine
 19112 | D:12     | Noticed Nergalle
 19120 | D:12     | Killed Josephine
 19135 | D:12     | Killed Nergalle
 19383 | D:12     | Noticed Frances
 19399 | D:12     | Killed Frances
 20183 | Orc:1    | Entered Level 1 of the Orcish Mines
 20539 | Orc:1    | Received a gift from Okawaru
 20859 | Orc:2    | Entered Level 2 of the Orcish Mines
 20953 | Orc:2    | Found Erym's Antique Armour Emporium.
 20961 | Orc:2    | Found a staircase to the Elven Halls.
 21203 | Orc:2    | Found Icysy's Book Boutique.
 21474 | Orc:2    | Noticed Saint Roka
 21492 | Orc:2    | Reached skill level 10 in Fighting
 21533 | Orc:2    | Killed Saint Roka
 21534 | Orc:2    | Reached XP level 15. HP: 51/115 MP: 14/21
 21688 | Orc:2    | Received a gift from Okawaru
 21823 | Orc:2    | Found Rahub's Jewellery Boutique.
 21973 | Orc:2    | Noticed Azrael
 21988 | Orc:2    | Killed Azrael
 22170 | Orc:2    | Found Sieniogg's Antique Armour Boutique.
 22172 | Orc:2    | Found Saloi's Antique Weapon Shop.
 22756 | Lair:4   | Found a staircase to the Slime Pits.
 22785 | Lair:4   | Received a gift from Okawaru
 23496 | Lair:5   | Entered Level 5 of the Lair of Beasts
 23539 | Lair:5   | Noticed Kirke
 23545 | Lair:5   | Noticed a sphinx
 23998 | Lair:4   | Killed Kirke
 24435 | Lair:5   | Received a gift from Okawaru
 24752 | Lair:5   | Reached XP level 16. HP: 126/129 MP: 22/22
 25844 | D:13     | Found Uqicaled's Antique Armour Boutique.
 25852 | D:13     | Bought a pair of runed boots for 232 gold pieces
 26320 | D:14     | Received a gift from Okawaru
 26365 | D:14     | Found a gate to the Vaults.
 26858 | D:14     | Noticed Onucvo's ghost (journeyman FoFi)
 26858 | D:14     | Found a transporter.
 26863 | D:14     | Found a transporter.
 26909 | D:14     | Noticed Lodul
 26923 | D:14     | Killed Lodul
 27553 | D:15     | Entered Level 15 of the Dungeon
 27776 | D:15     | Reached skill level 10 in Armour
 27853 | D:15     | Got the Quarto of Sulphur
 28114 | D:15     | Found a staircase to the Depths.
 28121 | D:15     | Received a gift from Okawaru
 29025 | Depths:1 | Entered Level 1 of the Depths
 29047 | Depths:1 | Reached XP level 17. HP: 74/140 MP: 21/23
 29452 | Elf:1    | Entered Level 1 of the Elven Halls
 29728 | Elf:1    | Received a gift from Okawaru
 29876 | Elf:1    | Reached skill level 15 in Shields
 30064 | Elf:1    | Reached skill level 15 in Fighting
 30395 | Elf:1    | Identified the ring "Woyveise" {^Drain rC+ Dex+3 SInv}
 31277 | Elf:2    | Found Dasabumm's Magic Scroll Shop.
 31279 | Elf:2    | Found Yxoirrin's General Store.
 31279 | Elf:2    | Found Erotal's Magic Scroll Shoppe.
 31279 | Elf:2    | Found Gofimaev's Antique Armour Emporium.
 31412 | Elf:2    | Received a gift from Okawaru
 31682 | Elf:2    | Bought a shiny plate armour for 520 gold pieces
 31848 | Elf:2    | Found a huge runed translucent gate.
 31848 | Elf:2    | Found a huge runed translucent gate.
 31848 | Elf:2    | Found a huge runed translucent gate.
 31853 | Elf:2    | Found a huge runed translucent gate.
 31855 | Elf:2    | Found a huge runed translucent gate.
 32096 | Elf:2    | Reached XP level 18. HP: 142/151 MP: 24/24
 32145 | Elf:2    | Received a gift from Okawaru
 33345 | Snake:1  | Entered Level 1 of the Snake Pit
 33347 | Snake:1  | Noticed Mlioglotl
 33363 | Snake:1  | Killed Mlioglotl
 33366 | Snake:1  | Received a gift from Okawaru
 33767 | Snake:1  | Got Sif Muna's Tome of Open Graves and Clouds
 34101 | Snake:1  | Received a gift from Okawaru
 34718 | Snake:1  | Identified the +7 ring mail "Zaolug" {rElec rPois rN+
                  | Regen+}
 34847 | Snake:1  | Received a gift from Okawaru
 34970 | Snake:1  | Reached XP level 19. HP: 156/163 MP: 23/25
 35312 | Snake:2  | Identified the serpent talisman "Gecour" {Str+4}
 35312 | Snake:2  | Noticed Aizul
 35328 | Snake:2  | Killed Aizul
 35660 | Snake:2  | Noticed Louise
 35677 | Abyss:3  | Cast into level 3 of the Abyss (Louise)
 35818 | Abyss:3  | Reached skill level 1 in Stealth
 36048 | Abyss:3  | Noticed a bone dragon
 36075 | Abyss:3  | Killed a bone dragon
 36100 | Abyss:3  | Reached skill level 5 in Stealth
 36204 | Abyss:3  | Found a corrupted altar of Lugonu.
 36372 | Abyss:3  | Received a gift from Okawaru
 36393 | Abyss:3  | Got an abyssal rune of Zot
 36404 | Snake:2  | Escaped the Abyss
 36418 | Snake:2  | Killed Louise
 37694 | Snake:3  | Noticed Roxanne
 37762 | Snake:3  | Killed Roxanne
 37853 | Snake:3  | Identified the +0 chain mail of the Everdark {rN++ Str+3}
 38221 | Snake:3  | Found Utablemm's Tremendous Tomes.
 38319 | Snake:4  | Entered Level 4 of the Snake Pit
 38335 | Snake:4  | Identified the +4 morningstar "Celletwo" {freeze, Int+3}
 38395 | Snake:4  | Received a gift from Okawaru
 38849 | Snake:4  | Noticed Nikola
 38867 | Snake:4  | Killed Nikola
 39021 | Snake:4  | Received a gift from Okawaru
 39108 | Snake:4  | Reached XP level 20. HP: 153/170 MP: 26/26
 39226 | Snake:4  | Got a serpentine rune of Zot
 39720 | Shoals:1 | Entered Level 1 of the Shoals
 40061 | Shoals:1 | Received a gift from Okawaru
 41394 | Shoals:3 | Noticed Ilsuiw
 41419 | Shoals:3 | Killed Ilsuiw
 41885 | Shoals:3 | Received a gift from Okawaru
 41955 | Shoals:3 | Found Fieceg's Weapon Emporium.
 42222 | Shoals:3 | Reached XP level 21. HP: 178/178 MP: 27/27
 42434 | Shoals:4 | Entered Level 4 of the Shoals
 42436 | Shoals:4 | Noticed Mara
 42466 | Shoals:4 | Killed Mara
 42819 | Shoals:4 | Received a gift from Okawaru
 42832 | Shoals:4 | Got a barnacled rune of Zot
 42833 | Shoals:4 | Identified the staff of Lust {rF+ rC+ Stlth- Conj}
 42929 | Shoals:4 | Identified the +11 quarterstaff "Beobah" {antimagic, rElec
                  | rC+ Will+ rCorr}
 43607 | Vaults:1 | Entered Level 1 of the Vaults
 43816 | Vaults:1 | Reached skill level 15 in Armour
 43876 | Vaults:1 | Found Nysmylem's Book Emporium.
 44078 | Vaults:1 | Received a gift from Okawaru
 44598 | Vaults:1 | Found a runed translucent gate.
 44598 | Vaults:1 | Found a runed translucent gate.
 44598 | Vaults:1 | Found a runed translucent gate.
 44600 | Vaults:1 | Noticed AlterAsc's ghost (adept OpSh)
 44633 | Vaults:1 | Killed AlterAsc's ghost
 44647 | Vaults:1 | Identified the ring of Tiysing {*Corrode rN+ Int-4 Slay+5
                  | SInv}
 45058 | Vaults:2 | Received a gift from Okawaru
 45129 | Vaults:2 | Reached XP level 22. HP: 145/192 MP: 19/28
 45621 | Vaults:2 | Found Xeuluprex's Weapon Emporium.
 45641 | Vaults:2 | Received a gift from Okawaru
 46452 | Vaults:3 | Noticed Zenata
 46477 | Vaults:3 | Killed Zenata
 46822 | Vaults:3 | Noticed Boris
 46852 | Vaults:3 | Killed Boris
 46852 | Vaults:3 | Received a gift from Okawaru
 47233 | Vaults:3 | Found Cygitia's Jewellery Boutique.
 47325 | Vaults:3 | Found a staircase to the Crypt.
 47458 | Vaults:3 | Found Edik's General Store.
 47491 | Vaults:3 | Received a gift from Okawaru
 47621 | Vaults:3 | Reached XP level 23. HP: 196/203 MP: 29/29
 48273 | Vaults:4 | Received a gift from Okawaru
 48282 | Vaults:4 | Identified the +10 spear of Causality {holy, Str+7}
 48514 | Vaults:4 | Noticed Mennas
 48543 | Vaults:4 | Killed Mennas
 48956 | Vaults:4 | Found Nikla's Antique Armour Emporium.
 48964 | Vaults:4 | Bought a pitted cloak for 389 gold pieces
 48964 | Vaults:4 | Identified the +0 cloak of Orthodoxy {Rampage Regen+ Str-3}
                  | (You bought it in a shop on level 4 of the Vaults)
 49834 | Depths:1 | Found a gateway to Hell.
 49871 | Depths:1 | Received a gift from Okawaru
 49891 | Depths:1 | Reached skill level 10 in Invocations
 49959 | Depths:1 | You are sucked into a shaft and drop 1 floor!
 49966 | Depths:2 | Found a one-way gate leading to the halls of Pandemonium.
 49969 | Arena    | Entered the Arena
 50190 | Depths:2 | Found a one-way gate to the infinite horrors of the Abyss.
 50297 | Depths:2 | Noticed an ancient lich
 50298 | Depths:2 | Found a one-way gateway to a ziggurat.
 50351 | Depths:2 | Killed an ancient lich
 50534 | Depths:2 | Noticed Boris
 50551 | Depths:2 | Killed Boris
 50871 | Depths:2 | Reached XP level 24. HP: 210/210 MP: 31/31
 51119 | Depths:1 | Identified the +3 leather armour "Vaggosus" {rElec}
 51189 | Depths:1 | Received a gift from Okawaru
 51267 | Depths:1 | Found a glowing golden altar of the Shining One.
 51308 | Depths:1 | Found a white marble altar of Elyvilon.
 51308 | Depths:1 | Found a glowing silver altar of Zin.
 51732 | Depths:3 | Noticed Boris
 51754 | Depths:3 | Killed Boris
 51764 | Depths:3 | Reached skill level 1 in Dodging
 51804 | Depths:3 | Noticed a golden dragon
 51947 | Depths:3 | Killed a golden dragon
 51986 | Depths:3 | Noticed a golden dragon
 51987 | Depths:3 | Noticed a golden dragon
 52004 | Depths:3 | Killed a golden dragon
 52004 | Depths:3 | Received a gift from Okawaru
 52239 | Depths:3 | Noticed a juggernaut
 52255 | Depths:3 | Killed a juggernaut
 52306 | Depths:3 | Noticed a golden dragon
 52314 | Depths:3 | Killed a golden dragon
 52333 | Depths:3 | Noticed the Enchantress
 52350 | Depths:3 | Killed the Enchantress
 52350 | Depths:3 | Noticed a caustic shrike
 52364 | Depths:3 | Killed a caustic shrike
 52371 | Depths:3 | Noticed a golden dragon
 52372 | Depths:3 | Noticed a golden dragon
 52381 | Depths:3 | Killed a golden dragon
 52402 | Depths:3 | Killed a golden dragon
 52402 | Depths:3 | Received a gift from Okawaru
 52408 | Depths:3 | Killed a golden dragon
 52417 | Depths:3 | Reached skill level 5 in Dodging
 52465 | Depths:3 | Found Quur Hua's Antique Armour Shoppe.
 52620 | Depths:3 | Identified a scroll of acquirement
 52670 | Depths:3 | Noticed a juggernaut
 52683 | Depths:3 | Killed a juggernaut
 52684 | Depths:3 | Reached XP level 25. HP: 177/219 MP: 31/31
 52756 | Depths:3 | Noticed Sojobo
 52789 | Depths:3 | Killed Sojobo
 53013 | Depths:3 | Acquired the +8 frozen axe "Frostbite" {freeze, freezing
                  | cloud, *Noise Fly rC+}
 53013 | Depths:3 | Found the +8 frozen axe "Frostbite" {freeze, freezing
                  | cloud, *Noise Fly rC+}
 54003 | Vaults:5 | Entered Level 5 of the Vaults
 54003 | Vaults:5 | Noticed Boris
 54008 | Vaults:5 | Noticed a dread lich
 54019 | Vaults:5 | Received a gift from Okawaru
 54032 | Vaults:5 | Killed Boris
 54034 | Vaults:5 | Killed a dread lich
 54228 | Vaults:5 | Received a gift from Okawaru
 54408 | Vaults:5 | Identified the +2 leather armour of Ignis's Inspiration
                  | {Rampage SInv}
 54647 | Vaults:5 | Identified the +5 dagger "Guicwill" {speed, rF+ Str+5 SInv}
 54743 | Abyss:3  | Cast into level 3 of the Abyss (a deep elf demonologist)
 54752 | Vaults:5 | Escaped the Abyss
 54950 | Vaults:5 | Identified the +4 quarterstaff "Tasaxa Fedae" {vamp, Int+5
                  | Dex-2}
 54954 | Vaults:5 | Identified the +4 hand axe of Law {vamp, rN+}
 54956 | Vaults:5 | Identified the +8 scimitar "Myiqour" {drain, rPois Str+3
                  | Int+3}
 54958 | Vaults:5 | Identified the staff "Fiddo" {rElec rPois rF+ Int+4 SInv
                  | Fire}
 55088 | Vaults:5 | Got a silver rune of Zot
 55381 | Vaults:5 | Identified the +6 dagger of Tiugoape {freeze, rPois rF-
                  | Str+5 Dex-5}
 55390 | Vaults:5 | Got the Parchment of Oxidation and Open Graves
 55559 | Vaults:5 | Got the Book of the Unlucky Elixir
 55979 | Vaults:5 | Received a gift from Okawaru
 55980 | Vaults:5 | Reached XP level 26. HP: 185/231 MP: 31/31
 56637 | Elf:3    | Entered Level 3 of the Elven Halls
 56715 | Elf:3    | Noticed Donald
 56725 | Elf:3    | Killed Donald
 56795 | Elf:3    | Found Akidd's Armour Emporium.
 56939 | Elf:3    | Found a runed translucent gate.
 56940 | Elf:3    | Found a runed translucent gate.
 56941 | Elf:3    | Found a runed translucent gate.
 56942 | Elf:3    | Noticed Kauttur's ghost (journeyman MiFi)
 57699 | Elf:3    | Identified the +3 battleaxe "Hoozxi" {protect, Str+4}
 57699 | Elf:3    | Identified the ring "Qavvim" {rElec rCorr Slay+4}
 58510 | Elf:3    | Identified the +3 scale mail "Gurymmom" {Fly}
 58510 | Elf:3    | Identified the ring of Etummaan {Fire Dex+5}
 58532 | Elf:3    | Got Rekaer's Compendium of Familiar Conjury
 58549 | Elf:3    | Identified the staff of Fibooban {rElec rPois rF- Will++
                  | Earth Alchemy}
 58550 | Elf:3    | Identified the +0 scale mail "Maqiga" {Dex+4}
 58689 | Elf:3    | Gained mutation: You occasionally lose the ability to drink
                  | potions when taking damage. [mutagenic glow]
 58690 | Elf:3    | Killed Kauttur's ghost
 58711 | Elf:3    | Gained mutation: You are weak. (Str -2) [mutagenic glow]
 58722 | Elf:3    | Gained mutation: Armour fits poorly on your strangely
                  | shaped body. [mutagenic glow]
 58738 | Elf:3    | Gained mutation: You are dopey. (Int -2) [mutagenic glow]
 58817 | Elf:3    | Identified the +2 cloak of Tulips {rPois}
 59176 | Depths:4 | Entered Level 4 of the Depths
 59244 | Depths:4 | Reached skill level 10 in Dodging
 59264 | Depths:4 | Identified the +4 short sword of the Intense God {freeze,
                  | MP+9}
 59384 | Depths:4 | Received a gift from Okawaru
 59422 | Depths:4 | Found a transporter.
 59436 | Depths:4 | Lost mutation: You are weak. (Str -2) [potion of mutation]
 59436 | Depths:4 | Lost mutation: You are dopey. (Int -2) [potion of mutation]
 59436 | Depths:4 | Gained mutation: Your magical capacity is low. (-10% MP)
                  | [potion of mutation]
 59436 | Depths:4 | Gained mutation: You are agile. (Dex +4, Str/Int -1)
                  | [potion of mutation]
 59436 | Depths:4 | Gained mutation: You have sharp toenails. [potion of
                  | mutation]
 59437 | Depths:4 | Lost mutation: Armour fits poorly on your strangely shaped
                  | body. [potion of mutation]
 59437 | Depths:4 | Lost mutation: You are agile. (Dex +4, Str/Int -1) [potion
                  | of mutation]
 59437 | Depths:4 | Gained mutation: A frigid envelope surrounds you and
                  | freezes all who hurt you. [potion of mutation]
 59437 | Depths:4 | Gained mutation: You are agile. (Dex +4, Str/Int -1)
                  | [potion of mutation]
 59437 | Depths:4 | Gained mutation: You occasionally lose the ability to read
                  | scrolls when taking damage. [potion of mutation]
 59437 | Depths:4 | Gained mutation: Your system is resistant to poisons.
                  | (rPois) [potion of mutation]
 59438 | Depths:4 | Lost mutation: A frigid envelope surrounds you and freezes
                  | all who hurt you. [potion of mutation]
 59438 | Depths:4 | Lost mutation: You have sharp toenails. [potion of
                  | mutation]
 59438 | Depths:4 | Gained mutation: You are strong-willed. (Will+) [potion of
                  | mutation]
 59438 | Depths:4 | Gained mutation: You possess an exceptional clarity of
                  | mind. [potion of mutation]
 59438 | Depths:4 | Gained mutation: You are partially covered in large bone
                  | plates. (SH +4) [potion of mutation]
 59439 | Depths:4 | Lost mutation: You occasionally lose the ability to drink
                  | potions when taking damage. [potion of mutation]
 59439 | Depths:4 | Lost mutation: Your system is resistant to poisons. (rPois)
                  | [potion of mutation]
 59439 | Depths:4 | Lost mutation: You are agile. (Dex +4, Str/Int -1) [potion
                  | of mutation]
 59439 | Depths:4 | Gained mutation: Your body sometimes deteriorates upon
                  | taking damage. [potion of mutation]
 59439 | Depths:4 | Gained mutation: You are somewhat resistant to further
                  | mutation. [potion of mutation]
 59440 | Depths:4 | Lost mutation: You occasionally lose the ability to read
                  | scrolls when taking damage. [potion of mutation]
 59440 | Depths:4 | Lost mutation: Your body sometimes deteriorates upon taking
                  | damage. [potion of mutation]
 59440 | Depths:4 | Lost mutation: Your magical capacity is low. (-10% MP)
                  | [potion of mutation]
 59440 | Depths:4 | Gained mutation: Your magical capacity is low. (-10% MP)
                  | [potion of mutation]
 59457 | Depths:4 | Identified the ring "Haongyann" {^Drain rF+++ Will+++ Int+6
                  | Dex-4}
 59495 | Depths:4 | Found a broken altar of Ashenzari.
 59601 | Depths:4 | Found a basalt altar of Yredelemnul.
 59610 | Depths:4 | Noticed Boris
 59611 | Depths:4 | Identified the ring of Meeh {Will+ Dex+4 Slay+3}
 59626 | Depths:4 | Killed Boris
 59872 | Depths:4 | Received a gift from Okawaru
 59943 | Depths:4 | Identified the ring "Isur" {rF++ rCorr}
 60255 | Depths:4 | Found a transporter.
 60529 | Depths:4 | Found a gate to the Realm of Zot.
 60944 | Depths:4 | Reached XP level 27. HP: 230/242 MP: 28/28
 61472 | Slime:1  | Entered Level 1 of the Pits of Slime
 61502 | Slime:2  | Received a gift from Okawaru
 61681 | Slime:5  | Entered Level 5 of the Pits of Slime
 61898 | Slime:5  | Found the ring of the Hare {EV+10}
 61909 | Slime:5  | Found a viscous altar of Jiyva.
 61975 | Slime:5  | Noticed the Royal Jelly
 61976 | Slime:5  | Gained mutation: Your health recovers twice as slowly from
                  | being drained. [a shining eye]
 61987 | Slime:5  | Gained mutation: Your magical capacity is very low. (-20%
                  | MP) [a shining eye]
 61998 | Arena    | Entered the Arena
 61999 | Arena    | Killed the Royal Jelly
 61999 | Arena    | Received a gift from Okawaru
 62055 | Arena    | Entered the Arena
 62110 | Slime:5  | Got a starry gem with 187 turns to spare
 62112 | Slime:5  | Got a slimy rune of Zot
 62128 | Slime:5  | Identified the staff of the Last Interlopers {*Corrode
                  | rPois Dex+3 Necro Earth}
 62153 | Slime:5  | Identified the amulet of Mykhluud {Spirit Int+5}
 62192 | Slime:5  | Identified the amulet of Greed {RegenMP *Slow rElec Str+2}
 62193 | Slime:5  | Identified the ring "Zumesof" {Fly rElec Will+++ AC+4
                  | Dex-2}
 62700 | Zot:1    | Entered Level 1 of the Realm of Zot
 63650 | Zot:2    | Noticed a Killer Klown
 63683 | Zot:2    | Killed a Killer Klown
 64023 | Zot:2    | Noticed an orb of fire
 64045 | Zot:2    | Gained mutation: You are vulnerable to heat. (rF-) [an orb
                  | of fire]
 64049 | Zot:2    | Killed an orb of fire
 64050 | Zot:2    | Lost mutation: Your magical capacity is very low. (-20% MP)
                  | [potion of mutation]
 64050 | Zot:2    | Lost mutation: Your magical capacity is low. (-10% MP)
                  | [potion of mutation]
 64050 | Zot:2    | Lost mutation: You are partially covered in large bone
                  | plates. (SH +4) [potion of mutation]
 64050 | Zot:2    | Gained mutation: You have an increased reservoir of magic.
                  | (+10% MP) [potion of mutation]
 64255 | Zot:1    | Lost mutation: You are somewhat resistant to further
                  | mutation. [potion of mutation]
 64255 | Zot:1    | Lost mutation: You possess an exceptional clarity of mind.
                  | [potion of mutation]
 64255 | Zot:1    | Gained mutation: You have sharp fingernails. [potion of
                  | mutation]
 64751 | Slime:5  | Lost mutation: Your health recovers twice as slowly from
                  | being drained. [potion of mutation]
 64751 | Slime:5  | Lost mutation: You are strong-willed. (Will+) [potion of
                  | mutation]
 64751 | Slime:5  | Gained mutation: Your muscles are strong. (Str +4, Int/Dex
                  | -1) [potion of mutation]
 65862 | Zot:2    | Received a gift from Okawaru
 67019 | Zot:3    | Identified the +0 cloak of Macaroni {MP+9}
 68078 | Zot:5    | Entered Level 5 of the Realm of Zot
 69144 | Zot:5    | Noticed a dread lich
 69177 | Zot:5    | Killed a dread lich
 69179 | Zot:5    | Noticed a Killer Klown
 69198 | Zot:5    | Killed a Killer Klown
 69198 | Zot:5    | Received a gift from Okawaru
 69207 | Zot:5    | Noticed a Killer Klown
 69251 | Zot:5    | Killed a Killer Klown
 69730 | Zot:5    | Noticed an orb of fire
 69732 | Zot:5    | Gained mutation: You are dopey. (Int -2) [an orb of fire]
 69738 | Zot:5    | Noticed a Killer Klown
 69740 | Zot:5    | Gained mutation: Your spells are a little easier to cast,
                  | but a little less powerful. [an orb of fire]
 69747 | Zot:5    | Killed an orb of fire
 69748 | Zot:5    | Reached skill level 27 in Axes
 69772 | Zot:5    | Killed a Killer Klown
 69833 | Zot:5    | Noticed a Killer Klown
 69849 | Zot:5    | Killed a Killer Klown
 70132 | Zot:5    | Noticed a dread lich
 70133 | Zot:5    | Noticed an orb of fire
 70133 | Zot:5    | Noticed an ancient lich
 70139 | Zot:5    | Noticed an orb of fire
 70140 | Zot:5    | Gained mutation: You are clumsy. (Dex -2) [an orb of fire]
 70145 | Zot:5    | Noticed a Killer Klown
 70163 | Zot:5    | Killed an orb of fire
 70163 | Zot:5    | Received a gift from Okawaru
 70179 | Zot:5    | Lost mutation: You have an increased reservoir of magic.
                  | (+10% MP) [an orb of fire]
 70180 | Zot:5    | Killed an orb of fire
 70185 | Zot:5    | Killed a dread lich
 70186 | Zot:5    | Noticed a Killer Klown
 70198 | Zot:5    | Killed an ancient lich
 70200 | Zot:5    | Noticed a dread lich
 70226 | Zot:5    | Killed a dread lich
 70245 | Zot:5    | Reached skill level 27 in Fighting
 70275 | Zot:5    | Killed a Killer Klown
 70329 | Zot:5    | Killed a Killer Klown
 70880 | Zot:5    | Received a gift from Okawaru
 70989 | Zot:5    | Got the Orb of Zot
 71105 | Zot:2    | Noticed Dies the pandemonium lord
 71144 | Zot:2    | Killed Dies the pandemonium lord
 71283 | Depths:3 | Noticed Qesch the pandemonium lord
 71599 | D:13     | Gained mutation: Your spells are easier to cast, but less
                  | powerful. [a cacodemon]
 71678 | D:7      | Noticed Zaissaaxt the pandemonium lord
 71837 | D:$      | Escaped with the Orb!

Illustrated notes

Levels and vault maps discovered:
D:1:      co_arrival_square_in_a_square_in_a_square, layout_loops_ring
D:2:      layout_rooms, serial_bayou, serial_bayou_pond_b, serial_bayou_ford_a,
          serial_bayou_pond_b, serial_bayou_pond_b, serial_bayou_lake_a,
          hellmonk_ecumenical_altar_watching_god, uniq_robin
D:3:      layout_loops_cross, okawaru_gym_becter, overflow_temple_1_default,
          mainiacjoe_sewer_entry_somewhere_in_here_1, uniq_natasha
D:4:      minmay_inner_zag, layout_rooms, nicolae_uskayaw_en_pointe,
          minmay_temple_entry_hall, hangedman_decor_riveting,
          uniq_crazy_yiuf_cottage, uniq_sigmund
D:5:      layout_rooms, overflow_temple_1_default,
          nicolae_qazlal_beasts_of_the_sky, general_overflow_altar,
          eino_curves_01, nrook_campfire, grunt_ministairs_13, uniq_eustachio,
          uniq_pikel
D:6:      layout_cave_pods, grunt_temple_overflow_champion_of_chaos,
          amcnicky_altar_gilded, fedhas_altar_3
D:7:      minmay_the_grid_octo_2x2 [minmay_the_grid_octo_checkered,
          minmay_the_grid_octo_horde, minmay_the_grid_octo_pinwheel,
          minmay_the_grid_octo_prize_ultimate_mussel_roller], layout_basic,
          enter_bailey_2, supply_closet_lemuel
D:8:      wander_kiku_kobolds, layout_basic, gammafunk_ghost_cemetery
D:9:      layout_basic, mainiacjoe_overflow_alcove_2, gammafunk_ghost_grave,
          uniq_jeremiah, uniq_joseph, uniq_maggie
D:10:     layout_rooms, kennysheep_little_box, david_lair_generic,
          minmay_hedge_maze, uniq_maurice
D:11:     layout_loops_ring, serial_shops, shop, minmay_puff
D:12:     layout_stronghold, zombieorc1_lemuel, uniq_nessos, uniq_fannar,
          uniq_josephine, uniq_nergalle, uniq_frances
D:13:     layout_cave_pools, serial_shops, shop
D:14:     layout_loops_ring, lightli_vaults_fourway_checkpoint,
          gammafunk_ghost_hive, nicolae_twisting_strands, uniq_lodul
D:15:     grunt_enter_depths_snipers, layout_gridville, minmay_misc_feat_chi
Lair:1:   layout_gridlike, chequers_serial_rivers_small_3, grunt_megastairs_2,
          infiniplex_staircase_pool_2, serial_bayou_shore_b
Lair:2:   layout_loops_ring, alex1729_snake_entry_snake,
          infiniplex_staircase_pool, serial_bayou_shore_a, serial_bayou_shore_b
Lair:3:   layout_concentric_octagons, minmay_shoals_entry_beasts,
          ebering_ghost_inner_flame, uniq_gastronok
Lair:4:   layout_misc_corridors, slime_entry_1,
          grunt_forest_small_clearing_treed, grunt_megastairs_1,
          lemuel_fruit_fields
Lair:5:   evilmike_catoblepas_cave, layout_small_grid, serial_bayou_shore_b,
          uniq_kirke
Shoals:1: argonaut_golden_fleece, layout_shoals, dpeg_stationary_puzzle
Shoals:2: layout_shoals
Shoals:3: layout_shoals, serial_shops, nicolae_shop_hallway_plus, uniq_ilsuiw
Shoals:4: shoals_end_hellmonk_lost_city, serial_shops, uniq_mara
Snake:1:  layout_onion, hangedman_snake_sidewinding, uniq_mlioglotl
Snake:2:  layout_onion_interference, uniq_saint_roka, uniq_aizul, uniq_louise
Snake:3:  layout_grid_shapes, nicolae_shop_i_like_big_books,
          nicolae_snake_single_loop, serial_library_hellmonk_reading_circle,
          uniq_roxanne
Snake:4:  hellmonk_snake_rune_quicksilver_temple, layout_misc_corridors,
          nicolae_large_snake_swirl, uniq_nikola
Slime:1:  layout_caves
Slime:2:  layout_caves, nicolae_slime_ancient_tower_intersection
Slime:3:  layout_caves, nicolae_slime_crime_time
Slime:4:  layout_caves
Slime:5:  slime_pit_nicolae_amoeboid
Orc:1:    cheibrodos_orc_guarddog, layout_caves, basic_altar
Orc:2:    grunt_orc_community_town_hall, layout_caves,
          grunt_orc_community_big_house_1, grunt_orc_community_big_house_2,
          grunt_orc_community_house_2, grunt_orc_community_house_1,
          grunt_orc_community_house_3, grunt_orc_community_house_1,
          serial_shops, nicolae_shop_peninsula, uniq_azrael
Elf:1:    layout_geoelf_diagonals, hangedman_corner_corridor, laboratory
Elf:2:    elven_hall_of_blades_hangedman_alternative
          [nicolae_blade_entry_crossed_weapons], layout_rooms, fountainhead,
          nicolae_wooded_promenade
Elf:3:    elf_hall_gauntlet_narrow, layout_geoelf_octagon, serial_shops,
          nicolae_shop_temple_entry_statues_fountains,
          gammafunk_ghost_tricky_traps, uniq_donald
Vaults:1: gammafunk_ghost_spectres, nicolae_vaults_triangles, v_pattern_3,
          nicolae_vaults_network_s, hangedman_vaults_stagger,
          ontoclasm_vaults_eye, nicolae_vaults_surprise_closet,
          layout_vaults_quadrants, serial_shops, nicolae_shop_hallway_plus
Vaults:2: v_pattern_2, hangedman_vaults_impose, nicolae_vaults_circle_grid_b,
          nicolae_vaults_shelves_hall, hangedman_vaults_cutoff,
          nicolae_vaults_trapezoid_3, vaults_room_hallway,
          nicolae_vaults_little_squares_4, nicolae_vaults_closet_pinwheel_1,
          nicolae_vaults_taking_the_gang_shopping, nicolae_vaults_octagons,
          ontoclasm_vaults_chip, nicolae_vaults_hexular_roomagon,
          hangedman_vaults_trim, layout_vaults_ring
Vaults:3: nicolae_vaults_trapezoid_lopsided_1, ontoclasm_vaults_loading_screen,
          nicolae_vaults_storage_closets_2, grunt_vaults_hallway_long,
          nicolae_vaults_tetromino_T_1, hangedman_vaults_river_flow, st_cells,
          nicolae_vaults_diamond_2, grunt_vaults_trifunnel,
          nicolae_vaults_shrinking_rooms_1, nicolae_vaults_prndl,
          nicolae_vaults_border_crossing, nicolae_vaults_diamond_2,
          vaults_room_mumra_shop_pool, layout_vaults_chaotic_city,
          dummy_crypt_entry, serial_shops, nicolae_shop_trees, uniq_boris,
          uniq_zenata
Vaults:4: nicolae_vaults_network_star, nicolae_vaults_little_squares_2,
          nicolae_vaults_alarming, nicolae_vaults_cornered_office,
          nicolae_vaults_closet_pinwheel_5, nicolae_vaults_spaceships,
          nicolae_vaults_offset_grid_hallway_3, v_misc_30, st_spiral_rooms,
          grunt_vaults_hallway_long, nicolae_vaults_tetromino_L_1,
          layout_vaults_omnicross, serial_shops,
          nicolae_shop_overgrown_old_shop, uniq_mennas
Vaults:5
Depths:1: layout_cave_pools, hell_entry, good_gods_mini_temple,
          nicolae_abyss_entry_one_way_or_another, kennysheep_underground_church,
          serial_bayou_shore_b
Depths:2: nicolae_hitomezashi [nicolae_hito_row, nicolae_hito_row,
          nicolae_hito_row, nicolae_hito_row, nicolae_hito_row,
          nicolae_hito_row, nicolae_hito_row, nicolae_hito_row,
          nicolae_hito_row, nicolae_hito_row, nicolae_hito_row,
          nicolae_hito_row, nicolae_hito_row, nicolae_hito_row,
          nicolae_hito_row, nicolae_hito_row, nicolae_hito_row,
          nicolae_hito_row], layout_long_grid, enter_ziggurat_c,
          grunt_hell_entry_dis_mu, pan_entry, abyss_entry_glasseish
Depths:3: minmay_central_circle, layout_gridville, serial_shops, shop_fountains,
          pf_dread_powers_of_hell, abyss_entry, uniq_enchantress, uniq_sojobo
Depths:4: hangedman_spin_cycle, hell_entry
Zot:1:    layout_basic, regret_index_zotdec_stipple_waver
Zot:2:    layout_onion_interference, grunt_megastairs_3
Zot:3:    kennysheep_spiral_hall, layout_gridlike, lemuel_baited_zot_trap
Zot:4:    layout_onion_interference, regret_index_zotdec_banners
Zot:5:    layout_onion

Skill      XL: |  1  2  3  4  5  6  7  8  9 10 11 12 13 14 15 16 17 18 19 20 21 22 23 24 25 26 27 |
---------------+----------------------------------------------------------------------------------+-----
Axes           | 3 4 5 6 8 10 12 15 16 18 19 20 21 22 23 25 27 | 27.0
Invocations    | 1 3 5 7 8 9 11 | 11.0
Fighting       | 5 7 10 12 14 16 17 18 20 22 23 25 27 | 27.0
Shields        | 8 9 12 14 16 19 20 22 25 | 25.3
Evocations     | 4 5 |  5.0
Armour         | 5 8 10 12 13 16 18 21 22 24 | 24.4
Stealth        | 8 |  8.0
Dodging        | 5 8 11 12 | 12.2

Action                     |  1- 3 |  4- 6 |  7- 9 | 10-12 | 13-15 | 16-18 | 19-21 | 22-24 | 25-27 || total
---------------------------+-------+-------+-------+-------+-------+-------+-------+-------+-------++-------
  Melee: War axe           |    87 |   281 |   364 |   915 |       |       |       |       |       ||  1647
         Hand axe          |       |       |       |    41 |       |       |       |       |       ||    41
         Broad axe         |       |       |       |    25 |  1107 |  1114 |  1535 |  1437 |  2574 ||  7792
         Unarmed           |       |       |       |       |     6 |       |       |       |       ||     6
  Throw: Dart              |       |       |    10 |       |       |    12 |       |       |       ||    22
 Invoke: Heroism           |       |       |     1 |     7 |    12 |     7 |    12 |     7 |    10 ||    56
         Receive Weapon    |       |       |       |     1 |       |       |       |       |       ||     1
         Receive Armour    |       |       |       |     1 |       |       |       |       |       ||     1
         Finesse           |       |       |       |       |     2 |     3 |     2 |     5 |     7 ||    19
         Duel              |       |       |       |       |       |       |       |     1 |     2 ||     3
Ability: Dig               |       |       |       |     2 |     1 |     8 |       |     1 |       ||    12
         Shaft Self        |       |       |       |       |       |       |       |     1 |       ||     1
  Evoke: Wand              |       |       |       |    16 |       |     5 |       |       |       ||    21
         Phial of floods   |       |       |       |       |     1 |       |       |       |       ||     1
    Use: Potion            |       |       |     6 |    10 |     3 |     4 |       |     4 |    28 ||    55
         Scroll            |       |       |     7 |     3 |     9 |    10 |     4 |     8 |     4 ||    45
   Stab: Invisible         |       |       |       |       |    10 |     5 |       |       |       ||    15
         Petrified         |       |       |       |       |       |     6 |       |       |       ||     6
         Sleeping          |       |       |       |       |       |       |    40 |    15 |       ||    55
         Distracted        |       |       |       |       |       |       |     4 |     1 |       ||     5
 Armour: Plate armour      |    66 |   241 |   323 |   580 |   341 |   373 |    23 |       |       ||  1947
         Scale mail        |     2 |       |       |       |       |       |       |       |       ||     2
         Skin              |       |       |     3 |    46 |    15 |       |       |       |       ||    64
         Ring mail         |       |       |       |       |       |       |   415 |   341 |       ||   756
         Gold dragon scale |       |       |       |       |       |       |       |    44 |   737 ||   781
  Dodge: Dodged            |    27 |    82 |   114 |   153 |   264 |   247 |   359 |   242 |   477 ||  1965
  Block: Buckler           |    31 |    53 |    96 |    37 |       |       |       |       |       ||   217
         Kite shield       |       |       |       |   296 |   394 |    97 |       |       |       ||   787
         Tower shield      |       |       |       |       |       |   640 |  1217 |  1055 |  1978 ||  4890
         Reflection        |       |       |       |       |       |       |       |     3 |    90 ||    93
